 Dungeon Sprint DCSS version 0.23.2 (webtiles) character file.

Game seed: 12893071322051085844

93 wilfster70 the Cleaver (level 8, 0/78 (79) HPs)
             Began as a Minotaur Monk on Apr 8, 2019.
             Was a High Priest of Makhleb.
             Killed from afar by a naga mage (13 damage)
             ... with a poison arrow
             ... in the Dungeon (Sprint VI: "Thunderdome").
             The game lasted 00:07:19 (618 turns).

wilfster70 the Cleaver (Minotaur Monk)               Turns: 618, Time: 00:07:19

HP:   0/78 (79)     AC:  4    Str: 18    XL:     8   Next: 38%
MP:   12/12         EV: 17    Int:  7    God:    Makhleb [*****.]
Gold: 130           SH:  0    Dex: 13    Spells: 7/7 levels left

rFire    . . .     SeeInvis .   a - +0 broad axe
rCold    + . .     Gourm    .   (no shield)
rNeg     + . .     Faith    .   p - +0 leather armour
rPois    .         Spirit   .   (helmet restricted)
rElec    +         Reflect  .   (no cloak)
rCorr    +         Harm     .   (no gloves)
MR       .....     NoTele   +   (no boots)
Stlth    ++........             (no amulet)
HPRegen  0.23/turn              b - ring "Unlykuutt" {rCorr rElec rC+ rN+}
MPRegen  0.13/turn              (no ring)

@: lethally poisoned (0 -> -17)
A: retaliatory headbutt, horns 2
a: Minor Destruction, Lesser Servant of Makhleb, Major Destruction, Greater
Servant of Makhleb, Renounce Religion


You were in the Dungeon.
You worshipped Makhleb.
Makhleb was extremely pleased with you.
You were not hungry.

You visited 1 branch You collected 340 gold pieces.
You spent 210 gold pieces at shops.

Inventory:

Hand Weapons
 a - a +0 broad axe (weapon)
 n - a +0 hand axe
Armour
 p - a +0 leather armour (worn)
Jewellery
 b - the ring "Unlykuutt" (left hand) {rCorr rElec rC+ rN+}
   (You bought it in a shop in the Dungeon)

   [ring of resist corrosion]

   It protects you from cold.
   It insulates you from electricity.
   It protects you from negative energy.
 o - the amulet "Merono Giuv" {rF++ Regen+ Int-3 Dex+4, unknown}
   (You bought it in a shop in the Dungeon)

   [amulet of regeneration]

   It affects your intelligence (-3).
   It affects your dexterity (+4).
   It greatly protects you from fire.
   It increases your rate of regeneration.
Wands
 h - a wand of digging (7)
 j - a wand of acid (4)
 k - a wand of iceblast (5)
Scrolls
 i - 4 scrolls of blinking
 l - 3 scrolls of fog
Potions
 d - a potion of curing
 e - a potion of heal wounds
 f - 4 potions of haste
 g - 2 potions of magic
 m - a potion of resistance
Comestibles
 c - a ration
 q - 4 chunks of flesh


   Skills:
 + Level 10.0 Fighting
 * Level 13.0 Axes
 + Level 8.4 Armour
 + Level 9.3 Dodging
 - Level 3.1 Stealth
 + Level 7.0 Invocations


You had 7 spell levels left.
You didn't know any spells.
Your spell library was empty.

Dungeon Overview and Level Annotations

Branches:
Dungeon (1/1)

Altars:
Cheibriados
Dithmenos
Fedhas
Gozag
Kikubaaqudgha
Makhleb
Okawaru
Qazlal
Ru
Sif Muna
Trog
Uskayaw
Vehumet
Wu Jian
Xom
Yredelemnul
Zin
The Shining One
Beogh
Jiyva
Lugonu

Shops:
D *[%??*?*:[((!!!!


Innate Abilities, Weirdness & Mutations

You reflexively headbutt those who attack you in melee.
You have a pair of horns on your head.


Message History

A naga mage is nearby!
A naga mage is nearby!
You feel sick.
You feel sick.
You feel sick.
You feel sick.
You feel sick.
You feel sick.
You feel sick.
You feel sick. 50...
You feel sick.
The naga mage shouts!
You feel sick.
You barely miss the naga mage.
You feel sick.
You barely miss the naga mage. The naga mage casts a spell at you.
The poison arrow hits you!
You are lethally poisoned!
You die...

##∩___......###......___∩#
###∩........8.# #.8........∩
##.........÷...###...........
#⌠..........###...###........
#⌠..........# #.<.# #........
#⌠..........###...###........
##.........††..###...........
###∩......N.8.# #.8...÷....∩
##∩___...@..###......__.∩#
######.8.........8.######
#⌠...........⌠#
###.........### #_......._#
#_..)...._# #......[._#
#∩.......∩# ##∩.....∩##


You could see a naga mage.

Vanquished Creatures
  A rime drake (D)
  Grinder (D)
  Eustachio (D)
  3 water moccasins (D)
  3 ice beasts (D)
  A necrophage (D)
  A crimson imp (D)
  A quasit (D)
  An adder (D)
  A shadow imp (D)
  An adder skeleton (D)
  A ball python (D)
  2 bat zombies (D)
  A bat simulacrum (D)
  A jackal simulacrum (D)
  A quokka zombie (D)
21 creatures vanquished.

Notes
Turn   | Place    | Note
-------+----------+-------------------------------------------
     0 | D        | wilfster70 the Minotaur Monk began the quest for the Orb.
     0 | D        | Reached XP level 1. HP: 19/19 MP: 0/0
     2 | D        | Found a bloodstained altar of Trog.
     2 | D        | Found a deep blue altar of Sif Muna.
     3 | D        | Found a snail-covered altar of Cheibriados.
     4 | D        | Found an ancient bone altar of Kikubaaqudgha.
     4 | D        | Found a blossoming altar of Fedhas.
     5 | D        | Found a corrupted altar of Lugonu.
     5 | D        | Found a hide-covered altar of Uskayaw.
     5 | D        | Found Qeujicu's Magic Scroll Shop.
     5 | D        | Found Waif's Staff Store.
     5 | D        | Round 1.
     6 | D        | Found Ciuk's Magic Scroll Shop.
     6 | D        | Found Cucrok's Must-Have Magic.
     7 | D        | Noticed a crimson imp
     8 | D        | Found a viscous altar of Jiyva.
    17 | D        | Killed a crimson imp
    17 | D        | Reached skill level 5 in Fighting
    17 | D        | Reached skill level 5 in Axes
    17 | D        | Reached XP level 2. HP: 27/29 MP: 1/1
    17 | D        | Reached XP level 3. HP: 34/36 MP: 2/2
    24 | D        | Found a glowing golden altar of the Shining One.
    24 | D        | Found Benlosh's Delicious Food.
    25 | D        | Found Qiaped's Jewellery.
    25 | D        | Found Motsead's Advanced Armour.
    31 | D        | Found Qalup's Identification Station.
    31 | D        | Found a shimmering altar of Xom.
    31 | D        | Found a burning altar of Makhleb.
    31 | D        | Found a shadowy altar of Dithmenos.
    41 | D        | Became a worshipper of Makhleb the Destroyer
    41 | D        | Reached * piety under Makhleb
    41 | D        | Reached ** piety under Makhleb
    42 | D        | Found a glowing silver altar of Zin.
    43 | D        | Found a roughly hewn altar of Beogh.
    45 | D        | Found Zulayg's Premium Goods.
    46 | D        | Found Guusm's Miscellaneous Merchandise.
    46 | D        | Found Galesuss's Basic Armour.
    47 | D        | Found a stormy altar of Qazlal.
    47 | D        | Found an opulent altar of Gozag.
    47 | D        | Found a radiant altar of Vehumet.
    47 | D        | Found Zatany Zopu's Weapon Rack.
    47 | D        | Noticed Eustachio
    56 | D        | Bought a +0 broad axe for 120 gold pieces
    59 | D        | Found a sacrificial altar of Ru.
    74 | D        | HP: 1/36 [crimson imp[Eustachio] (4)]
    81 | D        | Killed Eustachio
    81 | D        | Reached skill level 8 in Axes
    81 | D        | Reached XP level 4. HP: 17/45 MP: 2/5
    81 | D        | Reached XP level 5. HP: 19/51 MP: 2/6
   105 | D        | Noticed Grinder
   108 | D        | Found an ornate altar of the Wu Jian Council.
   109 | D        | Found Fariz's Do-It-Yourself Clinic.
   115 | D        | Found Ediniott's Bottled Wisdom.
   115 | D        | Found Dulib's Distillery.
   116 | D        | Killed Grinder
   116 | D        | Reached skill level 10 in Axes
   116 | D        | Reached skill level 5 in Armour
   116 | D        | Reached XP level 6. HP: 17/61 MP: 6/8
   117 | D        | Found a basalt altar of Yredelemnul.
   117 | D        | Found an iron altar of Okawaru.
   117 | D        | Found Wico's Distillery.
   125 | D        | Reached *** piety under Makhleb
   164 | D        | Arena points: 6 (+6) [x1]
   179 | D        | Round 2.
   272 | D        | Reached **** piety under Makhleb
   272 | D        | Reached skill level 5 in Invocations
   289 | D        | Arena points: 30 (+24) [x2]
   345 | D        | Round 3.
   362 | D        | Noticed an ice beast
   368 | D        | Killed an ice beast
   368 | D        | Reached skill level 11 in Axes
   368 | D        | Reached XP level 7. HP: 68/68 MP: 8/10
   465 | D        | Noticed a rime drake
   472 | D        | Killed a rime drake
   472 | D        | Reached ***** piety under Makhleb
   472 | D        | Reached skill level 12 in Axes
   500 | D        | Arena points: 93 (+63) [x3]
   500 | D        | Reached XP level 8. HP: 59/77 MP: 11/11
   526 | D        | Bought a flickering marble ring for 45 gold pieces
   526 | D        | Bought a heavily runed bronze amulet for 45 gold pieces
   536 | D        | Identified the ring "Unlykuutt" {rCorr rElec rC+ rN+} (You
                  | bought it in a shop in the Dungeon)
   544 | D        | Round 4.
   601 | D        | Reached skill level 10 in Fighting
   601 | D        | Reached skill level 13 in Axes
   604 | D        | Noticed a naga mage
   618 | D        | Killed from afar by a naga mage

Skill      XL: |  1  2  3  4  5  6  7  8 |
---------------+-------------------------+-----
Fighting       | 5 6 8 9 10 | 10.0
Axes           | 5 8 10 11 12 13 | 13.0
Dodging        | 4 6 7 8 9 |  9.3
Stealth        | 3 |  3.1
Armour         | 3 5 6 7 8 |  8.4
Invocations    | 3 4 5 6 7 |  7.0

Action                   |  1- 3 |  4- 6 |  7- 9 || total
-------------------------+-------+-------+-------++-------
Melee: Hand axe          |     3 |       |       ||     3
       Broad axe         |    10 |    33 |    35 ||    78
       Headbutt          |     1 |     6 |     2 ||     9
Evoke: Wand              |       |     1 |       ||     1
  Use: Potion            |     4 |       |       ||     4
Armor: Robe              |    17 |     3 |       ||    20
       Leather armour    |       |     1 |     3 ||     4
Dodge: Dodged            |    46 |    28 |    32 ||   106
